 Dungeon Crawl Stone Soup version 0.31-a0-1338-gb567cfdca4 (webtiles) character file.

Game seed: 8899264579554046616

1789 grandjackal the Covert (level 8, -3/52 HPs)
             Began as a Vampire Earth Elementalist on Dec 23, 2023.
             Slain by a gnoll
             ... wielding a +0 spear
              (7 damage)
             ... on level 6 of the Dungeon.
             The game lasted 00:09:07 (6123 turns).

grandjackal the Covert (Vampire Earth Elementalist) Turns: 6123, Time: 00:09:08

Health: -3/52      AC:  2    Str:  7    XL:     8   Next: 82%
Magic:  8/11       EV: 13    Int: 20    God:
Gold:   353        SH:  0    Dex: 20    Spells: 4/11 levels left

rFire   . . .        C - +1 dagger (venom)
rCold   . . .        (no shield)
rNeg    . . .        a - +0 robe
rPois   .            (no helmet)
rElec   .            (no cloak)
rCorr   .            (no gloves)
SInv    +            (no boots)
Will    .....        (no amulet)
Stlth   +++++        t - +6 ring of dexterity
HPRegen 0.48/turn    (no ring)
MPRegen 0.12/turn

%: no passive effects
@: healing quickly
A: alive, fangs 3, see invisible, vampiric 2
a: Exsanguinate


You were on level 6 of the Dungeon.
You visited 1 branch of the dungeon, and saw 6 of its levels.
You also visited: Sewer.

You collected 385 gold pieces.
You spent 32 gold pieces at shops.

Inventory:

Hand Weapons
 n - a +1 dagger of speed
 v - a +0 rapier
 C - a +1 dagger of venom (weapon)
Armour
 a - a +0 robe (worn)
Magical Staves
 k - a staff of cold
Jewellery
 t - a +6 ring of dexterity (left hand)
 B - a ring of fire
Wands
 c - a wand of polymorph (9)
 A - a wand of mindburst (17)
Scrolls
 h - a scroll of amnesia {unknown}
 i - 3 scrolls of enchant weapon {unknown}
 j - 2 scrolls of poison {unknown}
 l - a scroll of summoning {unknown}
 m - 2 scrolls of noise {unknown}
 o - 3 scrolls of enchant armour {unknown}
 p - a scroll of fear {unknown}
 q - 4 scrolls of teleportation {unknown}
 u - a scroll of fog {unknown}
 w - a scroll of brand weapon {unknown}
 y - 2 scrolls of revelation {unknown}
 z - a scroll of blinking {unknown}
Potions
 b - a potion of magic
 d - 2 potions of curing
 g - 3 potions of heal wounds
 s - a potion of might
 x - a potion of invisibility {unknown}


   Skills:
 + Level 6.0 Short Blades
 - Level 2.1 Dodging
 + Level 9.4 Stealth
 - Level 2.0 Spellcasting
 + Level 6.4 Earth Magic
 + Level 6.2 Alchemy


You had 4 spell levels left.
You knew the following spells:

 Your Spells              Type           Power      Damage    Failure   Level
a - Sandblast             Erth           54%        2d13      1%          1
b - Passwall              Alch/Erth      22%        N/A       1%          2
c - Petrify               Alch/Erth      27%        N/A       12%         4

Your spell library contained the following spells:

 Spells                   Type           Power      Damage    Failure   Level
 Cigotuvi's Dreadful Rot  Necr/Alch/Air  20%        N/A       10%         2
 Stone Arrow              Conj/Erth      28%        3d8       13%         3
 Animate Armour           Summ/Erth      28%        N/A       38%         4
 Brom's Barrelling Bould  Conj/Erth      14%        2d4       38%         4
 Call Canine Familiar     Summ           2%         N/A       43%         3
 Fugue of the Fallen      Necr           2%         N/A       43%         3
 Sigil of Binding         Hex            2%         N/A       43%         3
 Dimensional Bullseye     Hex/Tloc       1%         N/A       83%         4
 Bombard                  Conj/Erth      7%         9d2       100%        6


Dungeon Overview and Level Annotations

Branches:
Dungeon (6/15)              Sewer (visited)
 Temple: D:4-7

Altars:

Shops:
D:1 *   D:4 *

Annotations:
D:1 2 runed translucent doors
D:3 3 runed translucent doors, Phlounder's ghost, amateur OnFE


Innate Abilities, Weirdness & Mutations

Your natural rate of healing is accelerated.
You have razor-sharp teeth.
You have supernaturally acute eyesight. (SInv)
You are afflicted with vampirism and can become a bat while bloodless.


Message History

You climb downwards.
The centaur shoots an arrow.
The arrow hits you!
The centaur shoots an arrow.
The arrow hits you!
There is a stone staircase leading up here.
Unknown command.
Casting: Sandblast (safe; 1% risk of failure)
Confirm with . or Enter, or press ? or * to list all spells.
Aiming: Sandblast (safe; 1% risk of failure)
Press: ? - help, Shift-Dir - straight line, f - centaur
Aim: a centaur, wielding a +0 orcbow (90% to hit)
The blast of sand hits the centaur!
The centaur is heavily wounded.
The gnoll barely misses you.
The centaur shoots an arrow.
The arrow barely misses you.
Unknown command.
Casting: Sandblast (safe; 1% risk of failure)
Confirm with . or Enter, or press ? or * to list all spells.
Aiming: Sandblast (safe; 1% risk of failure)
Press: ? - help, Shift-Dir - straight line, f/p - centaur
Aim: a centaur, wielding a +0 orcbow (heavily wounded, 90% to hit)
The blast of sand hits the centaur!
The centaur is severely wounded.
The centaur shoots an arrow.
The arrow barely misses you. The gnoll barely misses you.
The centaur shoots an arrow.
The arrow hits you!
Unknown command.
Casting: Sandblast (safe; 1% risk of failure)
Confirm with . or Enter, or press ? or * to list all spells.
Aiming: Sandblast (safe; 1% risk of failure)
Press: ? - help, Shift-Dir - straight line, f/p - centaur
Aim: a centaur, wielding a +0 orcbow (severely wounded, 90% to hit)
The blast of sand hits the centaur!
You kill the centaur!
The orc throws a boomerang.
The boomerang closely misses you.
The gnoll hits you from afar with a +0 spear!
* * * LOW HITPOINT WARNING * * *
The gnoll hits you from afar with a +0 spear!
* * * LOW HITPOINT WARNING * * *
Your Short Blades skill increases to level 6!
Unknown command.
The gnoll hits you from afar with a +0 spear!
You die...

. .........# ..
..#........# ##
..
...O.......#...
.. ...........#
.. #.).......#
.. #oo.....#...
#.
###g..<....g.#
.?
#..g..(..#.#.#
#S #@.?........
..
#...#.........
..
#....##....o..
.. #.#..#
#.....g ..
#.#...# ##....
# #.#....# #...
#.# ...# #.#
....


You could see an orc priest, 2 gnolls and an orc.

Vanquished Creatures
  Eustachio (D:5)
  Duvessa (D:5)
  A sky beast (D:5)
  A black bear (D:4)
  2 ogres
  A centaur (D:6)
  2 phantoms
  4 kobold brigands (Sewer)
  A scorpion (D:5)
  Dowan (D:5)
  A centaur zombie (D:4)
  A hound (D:4)
  A jelly (D:5)
  3 orc priests (D:5)
  An iguana (D:5)
  A sleepcap (D:5)
  Ijyb (D:4)
  An orc wizard (D:2)
  A hound skeleton (D:4)
  A gnoll (D:5)
  3 river rats
  11 adders
  A shadow imp (D:5)
  A bombardier beetle (D:5)
  An adder zombie (D:4)
  An adder skeleton (D:4)
  3 worms
  A dart slug (D:4)
  14 orcs
  9 ball pythons
  13 endoplasms
  6 giant cockroaches
  9 goblins
  5 hobgoblins
  2 jackals (D:1)
  6 quokkas
  10 bats
  3 frilled lizards (D:1)
  A jackal zombie (D:4)
  11 kobolds
  10 rats
148 creatures vanquished.

Notes
Turn   | Place    | Note
-------+----------+-------------------------------------------
     0 | D:1      | grandjackal the Vampire Earth Elementalist began the quest
                  | for the Orb.
     0 | D:1      | Reached XP level 1. HP: 13/13 MP: 3/3
    93 | D:1      | Found a large runed translucent door.
    93 | D:1      | Found a large runed translucent door.
   154 | D:1      | Reached XP level 2. HP: 18/19 MP: 5/5
   418 | D:1      | Reached skill level 1 in Short Blades
   482 | D:1      | Found Bybowk's Assorted Antiques.
   491 | D:1      | Bought 2 amethyst potions for 32 gold pieces
   805 | D:1      | Gained mutation: You are afflicted with vampirism and can
                  | become a bat while bloodless. [Vampire growth]
   805 | D:1      | Reached XP level 3. HP: 19/24 MP: 6/6
  1370 | D:2      | Learned a level 2 spell: Passwall
  1629 | D:2      | Got the Atlas of Evil and Topography
  1814 | D:2      | Reached skill level 4 in Stealth
  1869 | D:3      | Found a runed translucent gate.
  1869 | D:3      | Found a runed translucent gate.
  1869 | D:3      | Found a runed translucent gate.
  1873 | D:3      | Noticed Phlounder's ghost (amateur OnFE)
  1924 | D:3      | Noticed a kobold brigand
  2017 | D:2      | Reached XP level 4. HP: 5/30 MP: 0/7
  2084 | D:2      | Learned a level 4 spell: Petrify
  2585 | D:4      | Noticed an ogre
  2593 | D:3      | Killed an ogre
  2594 | D:3      | Reached skill level 5 in Stealth
  2594 | D:3      | Reached XP level 5. HP: 35/35 MP: 2/8
  2714 | D:4      | Noticed a black bear
  2720 | D:4      | Killed a black bear
  2721 | D:4      | Reached XP level 6. HP: 41/41 MP: 9/9
  2804 | D:4      | Found Sioff's Gadget Gallery.
  2946 | D:4      | Reached skill level 6 in Stealth
  3425 | D:4      | Noticed Ijyb
  3472 | D:4      | Killed Ijyb
  3561 | D:5      | Entered Level 5 of the Dungeon
  3843 | D:5      | Reached XP level 7. HP: 46/46 MP: 7/10
  3999 | D:5      | Found a glowing drain.
  4008 | Sewer    | Entered a sewer
  4500 | Sewer    | Reached skill level 7 in Stealth
  4513 | Sewer    | Reached skill level 5 in Earth Magic
  5106 | D:5      | Reached skill level 5 in Alchemy
  5265 | D:5      | Reached XP level 8. HP: 52/52 MP: 9/11
  5308 | D:5      | Reached skill level 8 in Stealth
  5315 | D:5      | Reached skill level 5 in Short Blades
  5614 | D:6      | Noticed Duvessa
  5614 | D:6      | Noticed Dowan
  5703 | D:6      | Noticed Eustachio
  5820 | D:5      | Killed Eustachio
  5841 | D:6      | Reached skill level 9 in Stealth
  5932 | D:5      | Killed Duvessa
  5944 | D:5      | Killed Dowan
  6123 | D:6      | Slain by a gnoll

Illustrated notes

Levels and vault maps discovered:
D:1:      erik_arrival_cave_to_civilisation [erik_arrival_cave_to_temple],
          layout_loops_corners, serial_shops, shop
D:2:      layout_basic
D:3:      layout_basic, gammafunk_ghost_nasty_kobolds, grunt_decor_fettered
D:4:      layout_gridville, serial_undead, serial_undead_d, serial_undead_c,
          serial_undead_f, serial_undead_e, nicolae_shop_gadgets, uniq_ijyb
D:5:      layout_loops_corners, gup_sewer_entry_bubbles
D:6:      layout_rooms, minmay_temple_entry_enclosed_plants,
          minmay_misc_feat_secret_circle, nicolae_grassy_gnolls, uniq_duvessa,
          uniq_eustachio, uniq_maggie

Skill      XL: |  1  2  3  4  5  6  7  8 |
---------------+-------------------------+-----
Short Blades   | 1 2 3 4 6 |  6.0
Alchemy        | 2 3 4 5 6 |  6.2
Stealth        | 4 5 6 7 9 |  9.4
Earth Magic    | 4 5 6 |  6.4
Dodging        | |  2.1
Spellcasting   | |  2.0

Action                     |  1- 3 |  4- 6 |  7- 9 || total
---------------------------+-------+-------+-------++-------
  Melee: Dagger            |   152 |   100 |   233 ||   485
         Bite              |    12 |    12 |    31 ||    55
         Punch             |       |     3 |     3 ||     6
   Cast: Sandblast         |    33 |    19 |    28 ||    80
         Passwall          |       |     1 |       ||     1
         Petrify           |       |       |     6 ||     6
    Use: Scroll            |       |       |     5 ||     5
   Stab: Sleeping          |     9 |     8 |     5 ||    22
         Distracted        |     1 |       |       ||     1
         Petrified         |       |       |     6 ||     6
         Petrifying        |       |       |     1 ||     1
 Armour: Robe              |   110 |    50 |   118 ||   278
  Dodge: Dodged            |   130 |    41 |   136 ||   307

Table legend: (Time is in decaauts)
 A = Elapsed time spent in this place.
 B = Non-inter-level travel time spent in this place.
 C = Inter-level travel time spent in this place.
 D = Time resting spent in this place.
 E = Time spent auto-exploring this place.
 F = Levels seen in this place.
 G = Mean time per level.
                   A        B        C        D        E       F      G
               +--------+--------+--------+--------+--------+-----+--------+
         Total |   6265 |   6038 |    227 |    929 |   3666 |   7 |  895.0 |
       Dungeon |   5173 |   4946 |    227 |    710 |   3106 |   6 |  862.2 |
         Sewer |   1092 |   1092 |      0 |    219 |    560 |   1 | 1092.0 |
               +--------+--------+--------+--------+--------+-----+--------+

Top non-repeatable levels by time:
     D:5: 1600 daAuts
     D:1: 1370 daAuts
   Sewer: 1092 daAuts
     D:4: 890 daAuts
     D:3: 684 daAuts
     D:2: 580 daAuts
     D:6: 48 daAuts
